 Dungeon Crawl Stone Soup version 0.30.1-11-g7821555f0a (webtiles) character file.

Game seed: 1062873289610929545

93 Arctor the Trooper (level 4, -7/37 HPs)
             Began as a Human Fighter on Jan 13, 2024.
             Mangled by Sigmund
             ... wielding a +0 scythe of freezing
              (9 damage)
             ... on level 3 of the Dungeon.
             The game lasted 00:01:06 (1462 turns).

Arctor the Trooper (Human Fighter)                  Turns: 1462, Time: 00:01:07

Health: -7/37      AC:  0    Str: 19    XL:     4   Next: 91%
Magic:  4/4        EV: 13    Int:  8    God:
Gold:   110        SH:  0    Dex: 12    Spells: 3/3 levels left

rFire   . . .        a - melded +0 war axe
rCold   . . .        c - melded +0 buckler
rNeg    . . .        b - melded +0 scale mail
rPois   .            (helmet currently unavailable)
rElec   .            (cloak currently unavailable)
rCorr   .            (gloves currently unavailable)
SInv    .            (boots currently unavailable)
Will    .....        (no amulet)
Stlth   +            (ring currently unavailable)
HPRegen 0.26/turn    (ring currently unavailable)
MPRegen 0.09/turn

%: no passive effects
@: mighty, pig-form, very quick
A: fast, no casting, small
a: no special abilities


You were on level 3 of the Dungeon.
You were a filthy swine.
You visited 1 branch of the dungeon, and saw 3 of its levels.

You collected 110 gold pieces.

Inventory:

Hand Weapons
 a - a +0 war axe (melded)
Armour
 b - a +0 scale mail (melded)
 c - a +0 buckler (melded)
Jewellery
 f - a ring of willpower
Scrolls
 h - 4 scrolls of immolation {unknown}
 j - a scroll of fear {unknown}
 k - a scroll of teleportation {unknown}
 m - a scroll of identify {unknown}
Potions
 e - a potion of lignification
 g - a potion of mutation {unknown}
 i - a potion of heal wounds {unknown}
 l - a potion of curing {unknown}
 n - 2 potions of haste {unknown}
 o - a potion of resistance {unknown}
 p - a potion of brilliance {unknown}


   Skills:
 + Level 3.6 Fighting
 + Level 2.9 Axes
 + Level 3.6 Armour
 + Level 3.6 Shields


You had 3 spell levels left.
You didn't know any spells.
Your spell library contained the following spells:

 Spells                   Type           Power      Damage    Failure   Level
 Lesser Beckoning         Tloc           0%         N/A       54%         2
 Gell's Gravitas          Tloc           0%         N/A       78%         3
 Teleport Other           Tloc           0%         N/A       78%         3


Dungeon Overview and Level Annotations

Branches:
Dungeon (3/15)

Altars:

Annotations:
D:3 Sigmund


Message History

You barely miss the adder. The adder barely misses you. x2
You miss the adder. The adder bites you but does no damage.
You slash the adder!
You kill the adder!
No target in view!
o - a ruby potion No target in view!
You open the door.
There is an open door here.
p - a coppery potion No target in view!
Sigmund the Dreaded comes into view.
He is wielding a +0 scythe of freezing and carrying a wand of polymorph (7).
Found a dagger.
Sigmund shouts!
Sigmund screams, "Don't try to resist!"
Sigmund closely misses you.
Sigmund is nearby!
You closely miss Sigmund. Sigmund hits you but does no damage.
Sigmund is nearby!
You closely miss Sigmund.
Sigmund casts a spell.
Sigmund flickers and vanishes!
Deactivating autopickup; reactivate with Ctrl-A.
There is a strange disturbance nearby!
No target in view!
You feel very mighty all of a sudden.
You hear a zap.
You turn into a filthy swine.
Your +0 war axe melds into your body.
Your +0 buckler melds into your body.
Your +0 scale mail melds into your body.
You closely miss something. Something hits you! Something freezes you.
You barely miss something. Something hits you. Something freezes you.
You hit something. You barely miss something. Something hits you!
* * * LOW HITPOINT WARNING * * *
Something freezes you.
* * * LOW HITPOINT WARNING * * *
It was a potion of lignification.
You feel woody for a moment. Something hits you!
You die...

#.......#....#
#.......#.##.#
#.......'.##.#
#.......###..#
#.##+##......#
#.##.###..#
#......# .#
####.#.# .#
#.#h# #.#{#
#.#.) #.#.##
#.#.# #+#+#


There were no monsters in sight!

Vanquished Creatures
  Jessica (D:2)
  A gnoll (D:1)
  2 adders
  A worm (D:2)
  2 dart slugs
  An orc (D:2)
  A ball python (D:1)
  An endoplasm (D:1)
  2 giant cockroaches (D:1)
  4 goblins
  2 hobgoblins
  2 quokkas (D:1)
  3 bats
  7 frilled lizards
  5 kobolds
35 creatures vanquished.

Notes
Turn   | Place    | Note
-------+----------+-------------------------------------------
     0 | D:1      | Arctor the Human Fighter began the quest for the Orb.
     0 | D:1      | Reached XP level 1. HP: 18/18 MP: 1/1
    35 | D:1      | Found a faded altar of an unknown god.
   206 | D:1      | Reached XP level 2. HP: 23/24 MP: 2/2
   653 | D:1      | Reached XP level 3. HP: 24/29 MP: 3/3
   840 | D:2      | Noticed Jessica
   842 | D:2      | Killed Jessica
   843 | D:2      | Reached XP level 4. HP: 35/35 MP: 4/4
  1452 | D:3      | Noticed Sigmund
  1462 | D:3      | Mangled by Sigmund

Illustrated notes

Levels and vault maps discovered:
D:1:      dpeg_arrival_round_c, layout_basic, shapermc_ecumenical_altar_venn
D:2:      layout_basic, uniq_jessica
D:3:      layout_basic, uniq_sigmund

Action                     |  1- 3 |  4- 6 || total
---------------------------+-------+-------++-------
  Melee: War axe           |    72 |    56 ||   128
         Unarmed           |       |     4 ||     4
    Use: Potion            |       |     2 ||     2
 Armour: Scale mail        |    38 |    28 ||    66
  Dodge: Dodged            |    40 |    29 ||    69
  Block: Buckler           |    15 |    12 ||    27
